 Dungeon Sprint DCSS version 0.17-a0-1575-g9a29ec8 (webtiles) character file.

0 nuthulu the Ruffian (level 1, -1/19 HPs)
             Began as a Ghoul Monk on July 26, 2015.
             Was a Believer of Makhleb.
             Slain by a spider (2 damage)
             ... in the Dungeon (Sprint VI: "Thunderdome").
             The game lasted 00:01:01 (135 turns).

nuthulu the Ruffian (Ghoul Monk)                     Turns: 135, Time: 00:01:01

Health: -1/19      AC:  2    Str: 18    XL:     1   Next: 30%
Magic:  0/0        EV: 14    Int: 11    God:    Makhleb [**....]
Gold:   65         SH:  0    Dex: 15    Spells: 0 memorised, 0 levels left

rFire  x . .     SeeInvis +       - Unarmed
rCold  + + .     Clarity  .     a - +0 robe
rNeg   + + +     SustAt   .     (no shield)
rPois  ∞         Gourm    .     (no helmet)
rElec  .         Spirit   +     (no cloak)
rCorr  .         Warding  .     (no gloves)
rMut   .         NoTele   +     (no boots)
MR     +....                    m - amulet of Ucaumeha {Spirit rPois Str+4 Dex+4}
Stlth  ++........               o - ring "Penuth" {rF- rC+ MR+ Int+3 SInv}
                                n - ring "Sejimiom" {EV+1 Int+3}

@: rotting, somewhat resistant to hostile enchantments, unstealthy
A: rotting body, claws 1, carnivore 3, cold resistance 1, negative energy
resistance 3, slow healing 1, torment resistance, unbreathing
a: Minor Destruction, Renounce Religion


You were in the Dungeon.
You worshipped Makhleb.
Makhleb was pleased with you.
You were not hungry.

You visited 1 branch You collected 200 gold pieces.
You spent 135 gold pieces at shops.

Inventory:

Armour
 a - a +0 robe (worn)
Jewellery
 m - the amulet of Ucaumeha (around neck) {Spirit rPois Str+4 Dex+4}
   (You bought it in a shop in the Dungeon)

   [amulet of guardian spirit]

   It causes incoming damage to be split between your health and magic.
   It affects your strength (+4).
   It affects your dexterity (+4).
   It protects you from poison.
 n - the ring "Sejimiom" (left claw) {EV+1 Int+3}
   (You bought it in a shop in the Dungeon)

   [ring of evasion]

   It affects your evasion (+1).
   It affects your intelligence (+3).
 o - the ring "Penuth" (right claw) {rF- rC+ MR+ Int+3 SInv}
   (You bought it in a shop in the Dungeon)

   [ring of see invisible]

   It affects your intelligence (+3).
   It makes you vulnerable to fire.
   It protects you from cold.
   It affects your resistance to hostile enchantments.
   It lets you see invisible.
Magical devices
 i - a wand of cold (5)
 j - a wand of fire (5)
Scrolls
 h - 4 scrolls of blinking
 k - 3 scrolls of fog
Potions
 c - a potion of curing
 d - 4 potions of heal wounds
 e - 4 potions of haste
 f - 2 potions of magic
 g - a potion of berserk rage
 l - a potion of resistance
Comestibles
 b - a meat ration


   Skills:
 + Level 3.5 Fighting
 + Level 0.6 Armour
 + Level 3.0 Dodging
 - Level 2.1 Stealth
 + Level 4.5 Unarmed Combat


You couldn't memorise any spells.
You didn't know any spells.

Dungeon Overview and Level Annotations

Branches:
Dungeon (1/1)

Altars:
Cheibriados
Dithmenos
Fedhas
Gozag
Kikubaaqudgha
Makhleb
Okawaru
Qazlal
Ru
Sif Muna
Trog
Vehumet
Xom
Yredelemnul
Zin
The Shining One
Jiyva
Lugonu

Shops:
D *[%??*?*:[((!!!!


Innate Abilities, Weirdness & Mutations

Your body is rotting away.
You thrive on raw meat.
You are immune to poison.
You have sharp fingernails.
You are carnivorous and can eat meat at any time.
Your flesh is cold resistant.
You are immune to negative energy.
You heal slowly when monsters are visible.
You are immune to unholy pain and torment.
You can survive without breathing.


Message History

There is a spawn point here.
A spider comes into view. 50...
Eat one of 2 chunks of flesh? (ye/n/q/i?) This raw flesh tastes great!
You continue eating. x2
Eat a chunk of flesh? (ye/n/q/i?) This raw flesh tastes great!
You continue eating. x2
The spider bites you.
You scratch the spider but do no damage.
The spider bites you! The spider bites you.
You claw the spider!
The spider is moderately wounded.
The spider bites you!
* * * LOW HITPOINT WARNING * * *
You claw the spider!
The spider is heavily wounded.
The spider bites you.
You die...

##### ##⌠⌠⌠## #.....# ##.....##
##∩.....∩## #∩...s...∩#
#_....@.._# #_......._#
#........_# ###.........###
#⌠...........⌠#
######.8.........8.######
##∩.._......###......___∩##
###∩........8.# #.8........∩###
#.............###.............#


You could see a spider.

Vanquished Creatures
  2 giant cockroaches (D)
2 creatures vanquished.

Notes
Turn   | Place    | Note
--------------------------------------------------------------
     0 | D        | nuthulu the Ghoul Monk began the quest for the Orb.
     0 | D        | Reached XP level 1. HP: 19/19 MP: 0/0
     1 | D        | Found a corrupted altar of Lugonu.
     1 | D        | Found a burning altar of Makhleb.
     2 | D        | Found a deep blue altar of Sif Muna.
     2 | D        | Found a snail-covered altar of Cheibriados.
     3 | D        | Found a shadowy altar of Dithmenos.
     4 | D        | Found a blossoming altar of Fedhas.
     4 | D        | Found an ancient bone altar of Kikubaaqudgha.
     4 | D        | Found Wiatoakh's Weapon Rack.
     4 | D        | Found Feisuogh's Premium Goods.
     5 | D        | Found Xeimio's Basic Armour.
     5 | D        | Found Guack's Miscellaneous Merchandise.
     5 | D        | Round 1.
    17 | D        | Became a worshipper of Makhleb the Destroyer
    17 | D        | Acquired Makhleb's first power
    17 | D        | Acquired Makhleb's second power
    22 | D        | Found a viscous altar of Jiyva.
    23 | D        | Found a glowing silver altar of Zin.
    25 | D        | Found Nohex's Identification Station.
    25 | D        | Found a glowing golden altar of the Shining One.
    25 | D        | Found Lenor's Bee Food.
    26 | D        | Found Emamoi's Advanced Armour.
    26 | D        | Found Riowunem's Jewellery.
    33 | D        | Found a bloodstained altar of Trog.
    45 | D        | Bought a vibrating jade amulet for 45 gold pieces
    45 | D        | Bought a wavering pewter ring for 45 gold pieces
    45 | D        | Bought a faintly glowing steel ring for 45 gold pieces
    45 | D        | Identified the amulet of Ucaumeha {Spirit rPois Str+4 Dex+4} (You bought it in a shop in the Dungeon)
    46 | D        | Identified the ring "Sejimiom" {EV+1 Int+3} (You bought it in a shop in the Dungeon)
    47 | D        | Identified the ring "Penuth" {rF- rC+ MR+ Int+3 SInv} (You bought it in a shop in the Dungeon)
    64 | D        | Found a basalt altar of Yredelemnul.
    64 | D        | Found Bova's Magic Scroll Shop.
    66 | D        | Found a radiant altar of Vehumet.
    66 | D        | Found an iron altar of Okawaru.
    66 | D        | Found a shimmering altar of Xom.
    66 | D        | Found Yjiy's Staff Store.
    66 | D        | Found Ischatsu's Magic Scroll Shop.
    66 | D        | Found Vattaabau's Must-Have Magic.
    73 | D        | Found a sacrificial altar of Ru.
    74 | D        | Found an opulent altar of Gozag.
    75 | D        | Found a stormy altar of Qazlal.
    76 | D        | Found Cakom's Distillery.
    77 | D        | Found Vilisem's Distillery.
    77 | D        | Found Jigatog's Bottled Wisdom.
    77 | D        | Found Diemm's Do-It-Yourself Clinic.
   122 | D        | Noticed a spider
   135 | D        | Slain by a spider

Vault maps used:
D:        arena_sprint

Action                   || total
-------------------------++-------
Melee: Unarmed           ||     5
  Eat: Chunk             ||     3
